 Dungeon Crawl Stone Soup version 0.28.0-43-g3370ac3207 (webtiles) character file.

Game seed: 14173071345862857133

175433 demenzo the Slayer (level 18, -11/220 (227) HPs)
             Began as an Ogre Cinder Acolyte on Mar 9, 2022.
             Was a Believer of Okawaru.
             Mangled by an orc warrior
             ... wielding a +0 glaive
             ... led by an orc knight
              (30 damage)
             ... on level 2 of the Orcish Mines.
             The game lasted 01:23:25 (47877 turns).

demenzo the Slayer (Ogre Cinder Acolyte)           Turns: 47877, Time: 01:23:26

HP:   -11/220 (227) AC: 11    Str: 23    XL:     18   Next: 9%
MP:   24/25         EV: 20    Int: 17    God:    Okawaru [**....]
Gold: 1468          SH:  0    Dex: 14    Spells: 25/27 levels left

rFire   . . .      SeeInvis .   a - +9 hand axe of Qaxt {elec, rPois rF+ rC+ rCorr}
rCold   + . .      Faith    .   (no shield)
rNeg    . . .      Spirit   .   Y - +0 troll leather armour
rPois   +          Reflect  .   c - +2 hat
rElec   .          Harm     .   y - +0 cloak
rCorr   +          Rampage  .   (gloves unavailable)
Will    ++...                   (boots unavailable)
Stlth   +++.......              e - amulet of the Barnacle {RegenMP Will+}
HPRegen 1.26/turn               i - +6 ring of dexterity
MPRegen 0.59/turn               k - +4 ring of evasion

@: heroic, studying Necromancy, lightly drained, fire susceptible
A: large, unfitting armour, tough skin 1
a: Renounce Religion, Heroism


You were on level 2 of the Orcish Mines.
You worshipped Okawaru.
Okawaru was pleased with you.
You visited 3 branches of the dungeon, and saw 23 of its levels.
You also visited: Ice Cave.

You collected 1844 gold pieces.
You spent 376 gold pieces at shops.

Inventory:

Hand Weapons
 a - the +9 hand axe of Qaxt (weapon) {elec, rPois rF+ rC+ rCorr}
   (You bought it in a shop on level 3 of the Dungeon)

   It occasionally discharges a powerful burst of electricity upon striking a
   foe.
   rF:        It protects you from fire.
   rC:        It protects you from cold.
   rPois:     It protects you from poison.
   rCorr:     It protects you from acid and corrosion.
 b - a +1 longbow of freezing
 C - a -1 hand axe of flaming
 P - a +2 vorpal broad axe
Missiles
 q - 36 poisoned darts
 v - 7 curare-tipped darts (quivered)
 F - 2 throwing nets
 J - 11 javelins
 K - 495 arrows
Armour
 c - a +2 hat (worn)
 r - a +2 robe of resistance
 y - a +0 cloak (worn)
 D - a +2 robe of willpower
 Y - a +0 troll leather armour (worn)
 Z - +0 steam dragon scales
Jewellery
 e - the amulet of the Barnacle (around neck) {RegenMP Will+}
   (You found it on level 6 of the Lair of Beasts)

   [amulet of magic regeneration]

   It increases your rate of magic regeneration.
   Will:      It increases your willpower.
 h - a ring of ice
 i - a +6 ring of dexterity (left hand)
 j - a ring of protection from fire
 k - a +4 ring of evasion (right hand)
 o - a ring of see invisible
 t - a ring of flight
 w - a ring of poison resistance
 W - an amulet of regeneration
 X - a ring of protection from fire
Wands
 l - a wand of mindburst (28)
 n - a wand of iceblast (3)
 s - a wand of digging (12)
 z - a wand of acid (23)
 E - a wand of flame (74)
 L - a wand of polymorph (11)
 O - a wand of charming (2)
Scrolls
 d - 3 scrolls of summoning
 g - 6 scrolls of teleportation
 m - 3 scrolls of blinking
 A - 3 scrolls of magic mapping
 I - 4 scrolls of fog
 Q - 4 scrolls of identify
 S - a scroll of silence
Potions
 f - 3 potions of resistance
 p - 2 potions of attraction
 u - 3 potions of lignification
 B - 2 potions of magic
 G - 6 potions of heal wounds
 H - 7 potions of curing
 M - 2 potions of flight
 N - 3 potions of berserk rage
 R - 2 potions of brilliance
 T - a potion of haste
 U - 2 potions of might
Miscellaneous
 x - a box of beasts
 V - a piece from Xom's chessboard (15/15)


   Skills:
 + Level 24.7(27) Fighting
 - Level 14.0(19.0) Axes
 - Level 10.0(15.0) Armour
 - Level 10.2(15.2) Dodging
 - Level 5.2 Spellcasting
 - Level 2.6 Fire Magic
 * Level 6.1 Invocations
 - Level 4.0 Evocations


You had 25 spell levels left.
You knew the following spells:

 Your Spells              Type           Power      Damage    Failure   Level
a - Scorch                Fire           26%        2d6       8%          2

Your spell library contained the following spells:

 Spells                   Type           Power      Damage    Failure   Level
 Beastly Appendage        Tmut           8%         N/A       16%         1
 Static Discharge         Conj/Air       4%         N/A       24%         2
 Sublimation of Blood     Necr           4%         N/A       24%         2
 Wereblood                Tmut           4%         N/A       24%         2
 Portal Projectile        Hex/Tloc       8%         N/A       43%         3
 Spider Form              Tmut/Pois      4%         N/A       43%         3
 Flame Wave               Conj/Fire      9%         2d5       65%         4
 Sticky Flame             Conj/Fire      9%         2d3       65%         4
 Dispel Undead            Necr           4%         3d7       83%         4
 Petrify                  Tmut/Erth      4%         N/A       83%         4
 Fireball                 Conj/Fire      4%         3d4       94%         5
 Blade Hands              Tmut           2%         N/A       99%         5
 Excruciating Wounds      Necr           2%         N/A       99%         5
 Irradiate                Conj/Tmut      2%         3d14      99%         5
 Iskenderun's Battlesphe  Conj           4%         2d6       99%         5
 Conjure Ball Lightning   Conj/Air       2%         3x3d6     100%        6
 Starburst                Conj/Fire      4%         6d4       100%        6
 Orb of Destruction       Conj           2%         9d5       100%        7
 Ignition                 Fire           6%         3d4       100%        8
 Summon Cactus Giant      Summ           Unusable   N/A       N/A         6
 Summon Hydra             Summ           Unusable   N/A       N/A         7

Dungeon Overview and Level Annotations

Branches:
Dungeon (15/15)            Temple (0/1) D:5            Lair (6/6) D:10
 Shoals (0/4) Lair:2        Snake (0/4) Lair:2        Slime (0/5) Lair:6
    Orc (2/2) D:9             Elf (0/3) Orc:2        Vaults (0/5) D:14
 Depths (0/4) D:15          IceCv (visited)

Altars:
Gozag
Kikubaaqudgha
Makhleb
Nemelex Xobeh
Okawaru
Sif Muna
Xom
Zin
Jiyva

Shops:
D:3 (   D:4 [   D:5 =   D:10 *   Orc:1 :


Innate Abilities, Weirdness & Mutations

You are too large for most types of armour.
You have tough skin. (AC +1)


Message History

You hit the orc knight.
You punch the orc knight, but do no damage.
The orc knight is heavily wounded.
The orc knight hits you with a +0 great sword!!
You are too injured to fight recklessly!
You are too injured to fight recklessly!
You are too injured to fight recklessly!
You are too injured to fight recklessly!
You are too injured to fight recklessly!
You are too injured to fight recklessly!
The orc warrior hits you with a +0 glaive!
The orc knight misses you.
Things that are here:
a +0 hand axe; a +0 leather armour; an orc corpse You slice the orc warrior!!
The orc warrior is severely wounded.
You barely miss the orc knight.
The orc warrior hits you with a +0 glaive!!
You hit the orc warrior but do no damage.
The orc warrior is severely wounded.
You hit the orc knight.
The orc knight hits you with a +0 great sword!!
* * * LOW HITPOINT WARNING * * *
The orc warrior hits you with a +0 glaive!!
* * * LOW HITPOINT WARNING * * *
Unknown command.
You gain the combat prowess of a mighty hero.
The orc knight misses you. The orc warrior completely misses you.
Unknown command.
You hit the orc warrior but do no damage.
The orc warrior is severely wounded.
You slash the orc knight!
Unknown command.
You hit the orc warrior.
The orc warrior is almost dead.
You slash the orc knight!
The orc knight hits you with a +0 great sword!
* * * LOW HITPOINT WARNING * * *
The orc warrior hits you with a +0 glaive!!
You die...

.......... ...........
.......... ##..........
##.#.#........
#..............
##...o........$.
#....@).........
#....o).........
######.........$.
###...###.#.........
##..(...##.$#.#.........
#..÷.....##....#.#........
..÷..##....#....##.........
(.. ##...###)............ .
#.)..#..............


You could see an orc knight and an orc warrior (strong).

Vanquished Creatures
  Agnes (D:14)
  A dire elephant (D:14)
  Azrael (D:14)
  Snorg (Lair:3)
  Josephine (Lair:6)
  3 vault guards
  7 hydras
  A boulder beetle (D:11)
  An ogre mage (D:15)
  Erolcha (D:10)
  4 centaur warriors
  7 two-headed ogres
  A tengu warrior (D:15)
  A death knight (D:12)
  19 death yaks
  Pikel (D:8)
  2 orc knights
  3 wizards
  3 orc sorcerers (Orc:2)
  A necromancer (IceCv)
  5 cyclopes
  A wolf spider (D:15)
  6 manticores
  16 elephants
  Joseph (Lair:1)
  A salamander (D:15)
  An ice statue (IceCv)
  4 black mambas
  A gargoyle (D:13)
  19 cane toads
  A rime drake (shapeshifter) (D:15)
  An unseen horror (D:10)
  11 komodo dragons
  3 freezing wraiths (IceCv)
  14 ice devils (IceCv)
  A kobold demonologist (D:11)
  6 rime drakes
  A yaktaur (D:14)
  2 efreet (D:15)
  3 anaconda simulacra (IceCv)
  An entropy weaver simulacrum (IceCv)
  3 polar bears
  6 trolls
  4 tyrant leeches
  2 wolf spider simulacra (D:15)
  Grinder (D:4)
  2 hornets
  18 blink frogs
  11 dream sheep
  A centaur simulacrum (D:15)
  2 dire elephant simulacra (IceCv)
  A spriggan (Lair:6)
  7 wraiths
  6 wyverns
  2 water elementals
  10 fire elementals
  2 basilisks
  68 yaks
  3 steam dragons
  18 humans (D:14)
  5 vampire mosquitoes
  4 death yak simulacra (IceCv)
  Menkaure (D:4)
  3 wargs
  2 nagas (Lair:2)
  20 water moccasins
  3 hell hounds (D:14)
  3 ice beasts
  A sky beast (D:6)
  3 black bears
  11 orc warriors
  A necrophage (D:5)
  12 ogres
  4 centaurs
  48 wolves
  5 boggarts (D:15)
  A lemure (D:8)
  A phantom (D:6)
  23 bullfrogs
  4 kobold brigands
  2 scorpions
  4 cane toad simulacra (IceCv)
  A water moccasin zombie (D:6)
  9 killer bees
  3 elephant simulacra (IceCv)
  7 wights
  7 electric eels
  A howler monkey (D:11)
  4 centaur zombies
  5 crimson imps (D:7)
  4 hounds
  A gnoll shaman (D:6)
  3 jellies
  19 orc priests
  A bullfrog skeleton (D:5)
  2 iguanas
  22 orc wizards
  A troll simulacrum (IceCv)
  5 polar bear simulacra (IceCv)
  A spriggan simulacrum (IceCv)
  2 killer bee zombies (D:6)
  4 wolf simulacra (IceCv)
  A howler monkey zombie (D:7)
  6 gnolls
  9 adders
  A naga simulacrum (IceCv)
  A shadow imp (D:6)
  13 white imps
  2 ufetubi (IceCv)
  53 orcs
  7 endoplasms
  7 giant cockroaches
  8 goblins
  6 hobgoblins
  10 jackals
  3 quokkas
  8 ball pythons
  5 bats
  2 frilled lizards
  22 kobolds
  6 rats
  A butterfly (Lair:3)
760 creatures vanquished.

Vanquished Creatures (others)
  A yak (Lair:6)
  85 foxfires
  74 fungi
  151 plants
311 creatures vanquished.

Grand Total: 1071 creatures vanquished

Notes
Turn   | Place    | Note
-------+----------+-------------------------------------------
     0 | D:1      | demenzo the Ogre Cinder Acolyte began the quest for the
                  | Orb.
     0 | D:1      | Reached XP level 1. HP: 24/24 MP: 2/2
   381 | D:1      | Reached XP level 2. HP: 32/32 MP: 3/3
   797 | D:1      | Found a faded altar of an unknown god.
  1040 | D:1      | Learned a level 2 spell: Scorch
  1210 | D:2      | Reached XP level 3. HP: 40/40 MP: 5/5
  1553 | D:2      | Reached XP level 4. HP: 16/49 MP: 7/7
  2168 | D:3      | Found Haizy's Antique Weapon Boutique.
  2655 | D:3      | Found a sparkling altar of Nemelex Xobeh.
  2659 | D:3      | Reached skill level 5 in Fighting
  2972 | D:3      | Reached XP level 5. HP: 43/57 MP: 8/8
  3053 | D:3      | Noticed a black bear
  3483 | D:3      | Noticed an ice beast
  3499 | D:3      | Killed an ice beast
  3500 | D:3      | Reached skill level 5 in Axes
  3851 | D:4      | Reached XP level 6. HP: 63/66 MP: 10/10
  4011 | D:4      | HP: 2/66 [adder (2)]
  4477 | D:4      | Noticed Grinder
  4484 | D:4      | Paralysed by Grinder for 5 turns
  4490 | D:4      | Killed Grinder
  4491 | D:4      | Reached skill level 6 in Fighting
  4491 | D:4      | Reached XP level 7. HP: 37/75 MP: 12/12
  4962 | D:4      | Noticed Menkaure
  4967 | D:4      | Killed Menkaure
  4977 | D:4      | Found an ancient bone altar of Kikubaaqudgha.
  5032 | D:4      | Found Papruz's Antique Armour Emporium.
  5244 | D:5      | Entered Level 5 of the Dungeon
  5290 | D:5      | Found Ihaughu's Jewellery Shop.
  5803 | D:4      | Reached skill level 7 in Fighting
  5803 | D:4      | Reached XP level 8. HP: 11/87 MP: 13/15
  6284 | D:5      | Found a staircase to the Ecumenical Temple.
  6319 | D:5      | Reached skill level 5 in Spellcasting
  6762 | D:5      | Identified the +4 ring mail of the Furies {Drain rPois
                  | rF+++ Int+2}
  6941 | D:3      | Bought a fine hand axe for 216 gold pieces
  6941 | D:3      | Identified the +9 hand axe of Qaxt {elec, rPois rF+ rC+
                  | rCorr} (You bought it in a shop on level 3 of the Dungeon)
  7624 | D:6      | Reached skill level 8 in Fighting
  7880 | D:6      | Reached XP level 9. HP: 79/97 MP: 16/16
  8521 | D:7      | Reached skill level 9 in Fighting
  8551 | D:7      | Found a shimmering blue altar of Sif Muna.
  8767 | D:7      | Found a burning altar of Makhleb.
  9077 | D:7      | Noticed a hornet
  9084 | D:7      | Killed a hornet
  9159 | D:7      | Found an opulent altar of Gozag.
  9208 | D:7      | Reached skill level 10 in Axes
  9417 | D:7      | Found a shimmering altar of Xom.
  9945 | D:8      | Reached skill level 10 in Fighting
  9989 | D:8      | Noticed Pikel
  9997 | D:8      | Killed Pikel
  9998 | D:8      | Reached XP level 10. HP: 103/111 MP: 17/17
 11233 | D:9      | Reached skill level 11 in Fighting
 11443 | D:9      | Noticed a two-headed ogre
 12111 | D:9      | Found a staircase to the Orcish Mines.
 12578 | D:9      | Killed a two-headed ogre
 12583 | D:9      | Reached skill level 12 in Fighting
 12958 | D:10     | Entered Level 10 of the Dungeon
 13187 | D:10     | Found Misagoap's General Store.
 13190 | D:10     | Bought a potion of heal wounds for 70 gold pieces
 13198 | D:10     | Reached XP level 11. HP: 120/124 MP: 18/18
 13281 | D:10     | Found Zin's Purification Station.
 13282 | D:10     | Found a glowing silver altar of Zin.
 13287 | D:10     | Bought a potion of curing for 90 gold pieces
 13349 | D:10     | Noticed Erolcha
 13356 | D:10     | Killed Erolcha
 13475 | D:10     | Found a staircase to the Lair.
 13684 | D:10     | Found an iron altar of Okawaru.
 14076 | Lair:1   | Entered Level 1 of the Lair of Beasts
 14076 | Lair:1   | Noticed Joseph
 14684 | Lair:1   | Killed Joseph
 14763 | Lair:1   | HP: 3/126 [yak (7)]
 14899 | D:10     | Reached skill level 13 in Fighting
 16292 | D:10     | Reached skill level 14 in Fighting
 17058 | Lair:1   | Reached skill level 1 in Dodging
 17106 | Lair:1   | Reached skill level 15 in Fighting
 17582 | Lair:1   | You fall into a shaft and drop 1 floor!
 17584 | Lair:2   | Noticed an eight-headed hydra
 17589 | Lair:2   | Noticed a seven-headed hydra
 18044 | Lair:2   | Found a staircase to the Snake Pit.
 18064 | Lair:2   | Reached XP level 12. HP: 136/143 MP: 19/19
 19623 | D:10     | Killed a one-headed hydra
 20122 | Lair:2   | Reached skill level 16 in Fighting
 20357 | Lair:2   | Killed a one-headed hydra
 20389 | Lair:2   | Reached skill level 5 in Dodging
 21154 | Lair:2   | Found a staircase to the Shoals.
 21534 | Lair:3   | Found an iron altar of Okawaru.
 21745 | Lair:3   | Reached skill level 17 in Fighting
 21900 | Lair:3   | Noticed a death yak
 21900 | Lair:3   | Noticed a death yak
 21901 | Lair:3   | Noticed a death yak
 21901 | Lair:3   | Noticed a death yak
 21921 | Lair:2   | Killed a death yak
 22185 | Lair:1   | Killed a death yak
 22558 | Lair:2   | Killed a death yak
 23025 | Lair:3   | Noticed Snorg
 23040 | Lair:3   | Killed Snorg
 23041 | Lair:3   | Reached XP level 13. HP: 123/158 MP: 20/20
 23591 | Lair:3   | Reached skill level 18 in Fighting
 24710 | Lair:4   | HP: 6/161 [blink frog (11)]
 26084 | Lair:5   | Reached skill level 19 in Fighting
 28070 | Lair:5   | Reached skill level 10 in Dodging
 28381 | Lair:5   | Reached XP level 14. HP: 167/174 MP: 21/21
 28569 | Lair:5   | Reached skill level 20 in Fighting
 28569 | Lair:5   | Reached skill level 1 in Armour
 32156 | Lair:6   | Entered Level 6 of the Lair of Beasts
 32313 | Lair:6   | Found a frozen archway.
 32474 | IceCv    | Entered an ice cave
 32484 | IceCv    | Reached skill level 21 in Fighting
 32994 | IceCv    | Reached skill level 5 in Armour
 33153 | IceCv    | Found an ancient bone altar of Kikubaaqudgha.
 36794 | Lair:5   | Reached XP level 15. HP: 153/189 MP: 22/22
 37032 | Lair:6   | Noticed Josephine
 37053 | Lair:6   | Killed Josephine
 37054 | Lair:6   | Reached skill level 22 in Fighting
 38075 | Lair:6   | Reached XP level 16. HP: 202/202 MP: 23/23
 38076 | Lair:6   | Reached skill level 23 in Fighting
 38076 | Lair:6   | Reached XP level 17. HP: 213/213 MP: 24/24
 38411 | Lair:6   | Identified the amulet of the Barnacle {RegenMP Will+}
 38523 | Lair:6   | Found a staircase to the Slime Pits.
 38529 | Lair:6   | Found a viscous altar of Jiyva.
 41281 | D:13     | Reached skill level 1 in Evocations
 42337 | D:14     | Noticed Azrael
 42453 | D:14     | Killed Azrael
 42454 | D:14     | Reached skill level 24 in Fighting
 42672 | D:14     | Reached skill level 10 in Armour
 42788 | D:14     | Identified the +6 scale mail of the Shining Light {Str+4}
 43917 | D:14     | Found a gate to the Vaults.
 44135 | D:14     | Noticed Agnes
 44154 | D:14     | Killed Agnes
 44251 | D:10     | Fell from the grace of Ignis
 44251 | D:10     | Became a worshipper of Warmaster Okawaru
 44662 | D:15     | Entered Level 15 of the Dungeon
 45029 | D:15     | Reached skill level 1 in Invocations
 45545 | D:15     | Reached * piety under Okawaru
 45666 | D:15     | Found an iron altar of Okawaru.
 46367 | D:15     | Reached XP level 18. HP: 227/227 MP: 25/25
 46397 | D:15     | Found a staircase to the Depths.
 46725 | Orc:1    | Entered Level 1 of the Orcish Mines
 46762 | Orc:1    | Reached skill level 5 in Invocations
 47098 | Orc:1    | Found Utapugef's Book Shoppe.
 47171 | Orc:2    | Entered Level 2 of the Orcish Mines
 47171 | Orc:2    | Found a staircase to the Elven Halls.
 47870 | Orc:2    | Reached ** piety under Okawaru
 47877 | Orc:2    | Mangled by an orc warrior

Illustrated notes

Levels and vault maps discovered:
D:1:      dpeg_arrival_yet_another_circle, layout_loops_ring,
          shapermc_ecumenical_altar_ellora
D:2:      layout_rooms, hex_tiny
D:3:      layout_basic, nemelex_dance_club_becter, serial_shops,
          nicolae_shop_statue_plus
D:4:      layout_basic, mainiacjoe_overflow_brackets, serial_shops, shop,
          uniq_menkaure, uniq_grinder
D:5:      layout_basic, temple_hall, serial_shops, shop, feat_on_display
D:6:      layout_loops_corners
D:7:      layout_basic, makhleb_grotto_becter, led_xom_imps,
          amcnicky_altar_gilded, marbit_many_paths
D:8:      layout_loops_cross, roderic_roman_lattice, uniq_pikel
D:9:      layout_basic, orc_0_dummy, hangedman_abyss_or_decor_stagger
D:10:     layout_loops_ring, mainiacjoe_overflow_alcove_4, zin_purify,
          dpeg_oklobed_lair, serial_shops, nicolae_shop_behind_doors,
          uniq_erolcha
D:11:     layout_basic
D:12:     layout_irregular_city
D:13:     layout_basic
D:14:     layout_rooms, grunt_vaults_entry_tiered, minmay_tree_intersection,
          uniq_agnes, uniq_azrael
D:15:     hangedman_depths_entry_try_elsewhere_first, layout_rooms, serial_ice,
          serial_ice_k, serial_ice_a, serial_ice_m, serial_ice_n,
          old_standard_altar
Lair:1:   layout_small_grid, gauntlet_entry_generic, st_stairs_10,
          infiniplex_staircase_pool, uniq_joseph
Lair:2:   layout_gridlike, elwin_shoals_entry_rocks,
          guppyfry_snake_entry_garden, serial_bayou_shore_a, lemuel_fruit_tree
Lair:3:   layout_regular_city, basic_altar, chequers_serial_rivers_micro_d,
          wad_woods_road_04, lemuel_fruit_fields, uniq_snorg
Lair:4:   layout_regular_city, beast_lair_carwin_5, grunt_megastairs_1
Lair:5:   layout_layer_cave, beast_lair_carwin_10, grunt_megastairs_3
Lair:6:   minmay_lair_end_frog_pond, layout_cave_pods, slime_altar_1,
          portal_ice_cave_entry_imps, grunt_forest_large_clearings,
          uniq_josephine
Orc:1:    layout_caves, serial_shops, shop
Orc:2:    grunt_orc_tribal_feast, layout_caves, nicolae_shop_self_help

Skill      XL: |  1  2  3  4  5  6  7  8  9 10 11 12 13 14 15 16 17 18 |
---------------+-------------------------------------------------------+-----
Spellcasting   | 2 3 4 5 |  5.2
Axes           | 4 5 6 7 8 11 13 14 | 14.0
Fighting       | 5 6 7 8 10 12 15 17 19 21 22 23 24 | 24.7
Dodging        | 2 7 10 | 10.2
Armour         | 6 8 9 10 | 10.0
Evocations     | 4 |  4.0
Invocations    | 4 6 |  6.1
Fire Magic     | |  2.6

Action                   |  1- 3 |  4- 6 |  7- 9 | 10-12 | 13-15 | 16-18 || total
-------------------------+-------+-------+-------+-------+-------+-------++-------
Melee: Hand axe          |    78 |    15 |   226 |   577 |  1013 |   543 ||  2452
       Dagger            |    43 |   253 |   133 |       |       |       ||   429
       Punch             |       |     4 |     6 |     6 |    21 |    10 ||    47
 Fire: Longbow           |       |       |       |       |    20 |   210 ||   230
Throw: Dart              |       |       |       |       |       |     1 ||     1
 Cast: Scorch            |       |       |     1 |       |       |       ||     1
Invok: Foxfire Swarm     |       |     2 |     2 |     1 |       |       ||     5
       Fiery Armour      |       |       |       |     2 |     2 |     1 ||     5
       Rising Flame      |       |       |       |     1 |       |       ||     1
       Heroism           |       |       |       |       |       |     1 ||     1
Evoke: Wand              |       |     4 |     2 |     1 |     3 |     3 ||    13
  Use: Potion            |       |     1 |     2 |     2 |     3 |     1 ||     9
       Scroll            |       |       |     4 |    19 |     3 |     3 ||    29
Armor: Robe              |    62 |   188 |   161 |   134 |   107 |    12 ||   664
       Skin              |       |       |     3 |       |       |       ||     3
       Steam dragon scal |       |       |       |       |   146 |     7 ||   153
       Troll leather arm |       |       |       |       |       |    87 ||    87
Dodge: Dodged            |    58 |   136 |   153 |   353 |   555 |   390 ||  1645
